 Dungeon Crawl Stone Soup version 0.30-a0-782-ge64f9170bb (webtiles) character file.

Game seed: 5124767753303055365

145 Leeroy the Slasher (level 5, -11/26 HPs)
             Began as a Vine Stalker Warper on Feb 19, 2023.
             Mangled by an ogre
             ... wielding a +0 giant spiked club
              (14 damage)
             ... on level 4 of the Dungeon.
             The game lasted 00:02:52 (1774 turns).

Leeroy the Slasher (Vine Stalker Warper)            Turns: 1774, Time: 00:02:53

Health: -11/26     AC:  3    Str: 14    XL:     5   Next: 27%
Magic:  0/9        EV: 11    Int: 13    God:
Gold:   161        SH:  0    Dex: 15    Spells: 8/8 levels left

rFire   . . .      SeeInvis .    q - +2 short sword (venom)
rCold   . . .      Faith    .    (no shield)
rNeg    . . .      Spirit   +    b - +0 leather armour
rPois   .          Reflect  .    (no helmet)
rElec   .          Harm     .    (no cloak)
rCorr   .          Rampage  .    (no gloves)
Will    .....                    (no boots)
Stlth   +                        (no amulet)
HPRegen 1.04/turn                (no ring)
MPRegen 0.11/turn                (no ring)

@: no status effects
A: fangs 2, regeneration 1, magic shield, antimagic bite, no potion heal 2
a: no special abilities


You were on level 4 of the Dungeon.
You visited 1 branch of the dungeon, and saw 4 of its levels.

You collected 161 gold pieces.

Inventory:

Hand Weapons
 a - a +0 falchion
 n - a +0 long sword
 q - a +2 short sword of venom (weapon)
Missiles
 d - 7 boomerangs of dispersal (quivered)
 f - 5 silver javelins
 m - 5 poisoned darts
Armour
 b - a +0 leather armour (worn)
Jewellery
 i - a ring of magical power
Wands
 o - a wand of polymorph (9)
Scrolls
 c - a scroll of blinking
 g - a scroll of enchant armour {unknown}
 j - 2 scrolls of immolation {unknown}
 k - a scroll of fear {unknown}
 l - a scroll of noise {unknown}
Potions
 e - a potion of haste {unknown}
 h - 3 potions of mutation {unknown}
 p - a potion of might {unknown}
 r - a potion of heal wounds {unknown}


   Skills:
 - Level 1.7 Fighting
 + Level 4.8 Long Blades
 - Level 0.8 Throwing
 - Level 0.7 Armour
 - Level 1.5 Dodging
 - Level 2.1 Spellcasting
 - Level 3.0 Translocations


You had 8 spell levels left.
You didn't know any spells.
Your spell library contained the following spells:

 Spells                   Type           Power      Damage    Failure   Level
 Blink                    Tloc           18%        N/A       14%         2
 Lesser Beckoning         Tloc           18%        N/A       14%         2
 Teleport Other           Tloc           9%         N/A       28%         3
 Vhi's Electric Charge    Tloc/Air       10%        N/A       45%         3
 Manifold Assault         Tloc           9%         N/A       67%         4


Dungeon Overview and Level Annotations

Branches:
Dungeon (4/15)
 Temple: D:4-7

Altars:
Uskayaw

Annotations:
D:2 Sigmund


Innate Abilities, Weirdness & Mutations

You have extremely sharp teeth.
Your natural rate of healing is unusually fast.
When hurt, damage is shared between your health and your magic reserves.
Your bite disrupts and absorbs the magic of your enemies.
Potions cannot restore your health.


Message History

You hit the jackal but do no damage.
The jackal is poisoned.
Your bite misses the jackal. The jackal barely misses you.
You hit the jackal.
The jackal looks as sick as possible!
You bite the jackal.
You kill the jackal!
The jackal completely misses you.
You barely miss the jackal. Your bite misses the jackal.
The jackal closely misses you.
You miss the jackal. The jackal completely misses you.
The jackal bites you but does no damage.
You hit the jackal but do no damage.
The jackal is poisoned.
Your bite misses the jackal.
The jackal bites you but does no damage.
You barely miss the jackal. Your bite misses the jackal.
The jackal is heavily wounded.
You kill the jackal!
No target in view!
You see here a jackal corpse.
r - a murky cyan potion You see here a jackal corpse.
You see here a jackal corpse.
You see here a hound corpse.
j - 2 scrolls labelled ATABBE OSAH (gained 1)
An ogre comes into view. It is wielding a +0 giant spiked club.
The ogre shouts!
An ogre is nearby!
Found an escape hatch in the floor.
Found a stone staircase leading up.
You don't know any spells.
You hit the ogre.
The ogre is lightly wounded.
You barely miss the ogre. You bite the ogre. You drain its power.
The ogre is lightly wounded.
The ogre hits you with a +0 giant spiked club!!
Ouch! That really hurt!
* * * LOW HITPOINT WARNING * * *
You hit the ogre.
The ogre is poisoned.
You bite the ogre, but do no damage.
The ogre is moderately wounded.
The ogre hits you with a +0 giant spiked club!
Ouch! That really hurt!
You die...

#.# ##†###### ###
#.).....## ##.##
##..#.#...#####.#.##
.............#.###.###.####
##.≈≈≈≈≈≈≈≈≈..## ##.......#
#.≈...§...≈.#.###.###.##.#
#.≈.≈§§§≈.≈....#.##
#.≈§≈.§.≈.≈.###@##
...§.≈._.§§≈...O...#
##.≈.≈§...§≈.......#
..≈.≈≈≈≈§§≈.......#
......≈.......# ≈≈≈....>..#
..........# ..#.<.....#


You could see an ogre (very poisoned).

Vanquished Creatures
  A hound (D:4)
  A gnoll (D:1)
  5 adders
  A dart slug (D:1)
  5 orcs (D:3)
  4 ball pythons
  4 endoplasms
  A giant cockroach (D:3)
  4 goblins (D:3)
  2 hobgoblins
  8 jackals
  2 quokkas
  A bat (D:3)
  4 frilled lizards
  6 kobolds
  6 rats
55 creatures vanquished.

Notes
Turn   | Place    | Note
-------+----------+-------------------------------------------
     0 | D:1      | Leeroy the Vine Stalker Warper began the quest for the Orb.
     0 | D:1      | Reached XP level 1. HP: 11/11 MP: 4/4
    72 | D:1      | Reached skill level 2 in Long Blades
   168 | D:1      | Reached XP level 2. HP: 14/15 MP: 6/6
   306 | D:1      | Reached skill level 3 in Long Blades
   363 | D:1      | Reached XP level 3. HP: 18/18 MP: 5/7
   926 | D:2      | Noticed Sigmund
  1089 | D:3      | Gained mutation: Your natural rate of healing is unusually
                  | fast. [Vine Stalker growth]
  1089 | D:3      | Reached XP level 4. HP: 23/23 MP: 6/8
  1144 | D:3      | Reached skill level 4 in Long Blades
  1254 | D:3      | Found a faded altar of an unknown god.
  1668 | D:4      | Found a hide-covered altar of Uskayaw.
  1680 | D:4      | Reached XP level 5. HP: 26/26 MP: 5/9
  1768 | D:4      | Noticed an ogre
  1774 | D:4      | Mangled by an ogre

Illustrated notes

Levels and vault maps discovered:
D:1:      lightli_molten_gateway, layout_loops_ring
D:2:      layout_basic, basic_altar, serial_shops, shop,
          grunt_decor_mini_mirrors, uniq_terence, uniq_sigmund
D:3:      layout_basic, serial_rivers, chequers_serial_rivers_small_a,
          chequers_serial_rivers_micro_e, chequers_serial_rivers_micro_c,
          chequers_serial_rivers_micro_e, chequers_serial_rivers_large_a,
          hellmonk_ecumenical_altar_leap_of_faith, corexii_corridor_pit
D:4:      layout_loops_cross, mainiacjoe_overflow_concentric_impassable,
          gammafunk_ghost_arena, uniq_pikel, uniq_robin

Skill      XL: |  1  2  3  4 |
---------------+-------------+-----
Long Blades    | 2 3 4 |  4.8
Fighting       | |  1.7
Throwing       | |  0.8
Armour         | |  0.7
Dodging        | |  1.5
Spellcasting   | |  2.1
Translocations | |  3.0

Action                     |  1- 3 |  4- 6 || total
---------------------------+-------+-------++-------
  Melee: Falchion          |    70 |       ||    70
         Bite              |    20 |    17 ||    37
         Long sword        |    18 |    59 ||    77
         Short sword       |       |    19 ||    19
   Stab: Sleeping          |     1 |       ||     1
 Armour: Leather armour    |    24 |    27 ||    51
  Dodge: Dodged            |    51 |    55 ||   106

Table legend: (Time is in decaauts)
 A = Elapsed time spent in this place.
 B = Non-inter-level travel time spent in this place.
 C = Inter-level travel time spent in this place.
 D = Time resting spent in this place.
 E = Time spent auto-exploring this place.
 F = Levels seen in this place.
 G = Mean time per level.
                   A        B        C        D        E       F      G
               +--------+--------+--------+--------+--------+-----+--------+
         Total |   1808 |   1747 |     61 |      0 |   1357 |   4 |  452.0 |
       Dungeon |   1808 |   1747 |     61 |      0 |   1357 |   4 |  452.0 |
               +--------+--------+--------+--------+--------+-----+--------+

Top non-repeatable levels by time:
     D:1: 736 daAuts
     D:3: 704 daAuts
     D:2: 208 daAuts
     D:4: 159 daAuts
